Map: Dusk Towers

Players

OneAandPRAY - Winner!

  • Race: Protoss Protoss
  • League: Silver
  • Spawn Location: 7:00

Fropez

  • Race: Protoss Protoss
  • League: Silver
  • Spawn Location: 1:00

VOD

Have the link to the VOD?

Description

Time

  • Played on: May 16, 2016, 7:23 p.m.
  • Length: 5:50
Show
View Real Time Build Order
Export as new Build Order

OneAandPRAY Protoss - Winner!

Build Orders:  

Get SALT Encoding   

  12  0:04  Probe (Chrono Boost)  
  13  0:15  Probe (Chrono Boost)  
  13  0:20  Pylon  
  14  0:25  Probe (Chrono Boost)  
  15  0:38  Probe (Chrono Boost)  
  15  0:41  Gateway  
  16  0:50  Gateway  
  16  0:57  Assimilator  
  16  1:03  Assimilator  
  16  1:04  Probe (Chrono Boost)  
  17  1:14  Probe (Chrono Boost)  
  17  1:15  Pylon  
  18  1:25  Probe (Chrono Boost)  
  19  1:30  Zealot  
  21  1:35  Probe (Chrono Boost)  
  22  1:41  Cybernetics Core  
  22  1:46  Probe (Chrono Boost)  
  23  2:09  Probe (Chrono Boost)  
  24  2:21  Gateway  
  24  2:22  Gateway  
  24  2:25  Robotics Facility  
  24  2:29  Pylon  
  24  2:33  Warp Gate (Chrono Boost)  
  24  2:40  Mothership Core  
  26  2:53  Gateway  
  26  3:16  Stalker x2  
  26  3:17  Adept  
  32  3:20  Adept  
  34  3:32  Warp Prism  
  36  4:02  Pylon  
  36  4:05  Pylon  
  34  5:03  Pylon  
  34  5:05  Stalker x2  
  34  5:06  Stalker x2  
  42  5:07  Pylon, Stalker  
  42  5:29  Adept x4  
  42  5:30  Adept  
Show
View Real Time Build Order
Export as new Build Order

Fropez Protoss 

Build Orders:  

Get SALT Encoding   

  12  0:01  Probe (Chrono Boost)  
  13  0:14  Pylon  
  13  0:26  Probe (Chrono Boost)  
  14  0:35  Gateway  
  14  0:42  Pylon  
  14  0:47  Probe (Chrono Boost)  
  15  0:52  Assimilator  
  15  0:58  Probe (Chrono Boost)  
  16  1:05  Assimilator  
  16  1:08  Probe (Chrono Boost)  
  17  1:23  Cybernetics Core  
  17  1:29  Probe (Chrono Boost)  
  19  1:40  Probe (Chrono Boost)  
  19  1:51  Probe (Chrono Boost)  
  19  1:52  Pylon  
  19  2:02  Mothership Core (Chrono Boost)  
  19  2:03  Warp Gate (Chrono Boost)  
  21  2:14  Gateway  
  21  2:25  Pylon  
  21  2:29  Probe  
  22  2:37  Stalker  
  22  2:42  Probe  
  25  2:54  Probe  
  26  3:00  Stalker  
  28  3:09  Stalker  
  28  3:10  Probe  
  31  3:23  Forge  
  31  3:26  Probe  
  32  3:38  Probe  
  33  3:48  Robotics Facility  
  33  3:52  Pylon  
  33  4:05  Probe  
  34  4:24  Stalker x2  
  38  4:25  Probe  
  39  4:38  Probe  
  38  4:43  Observer  
  39  4:50  Probe  
  40  5:00  Nexus  
  37  5:10  Stalker  
  37  5:11  Stalker  
Tags
 
Matchup
PvP
Replay Pack
All Mines
Spawn Locations
Cross Positions
Add a new tag
Caveats
  • Supply blocks, unpowered buildings, or Contaminate may cause inaccurate times.
  • Supply counts are checked every 10 seconds.